 Dungeon Crawl Stone Soup version 0.29.0-4-gdea44cf6ec (webtiles) character file.

Game seed: 1440235836288031908

112 qw the Chopper (level 4, -3/26 HPs)
             Began as a Tengu Warper on Aug 28, 2022.
             Slain by Grinder (6 damage)
             ... while paralysed by Grinder
             ... on level 4 of the Dungeon.
             The game lasted 00:00:21 (4288 turns).

qw the Chopper (Tengu Warper)                       Turns: 4288, Time: 00:00:22

Health: -3/26      AC:  8    Str: 12    XL:     4   Next: 95%
Magic:  8/8        EV:  2    Int: 13    God:
Gold:   161        SH:  0    Dex: 13    Spells: 7/7 levels left

rFire   . . .      SeeInvis .   b - +0 war axe
rCold   + . .      Faith    .   j - +0 buckler
rNeg    . . .      Spirit   .   l - +0 chain mail
rPois   .          Reflect  .   (helmet restricted)
rElec   .          Harm     .   (no cloak)
rCorr   .          Rampage  .   (no gloves)
Will    .....                   (boots unavailable)
Stlth   ..........              (no amulet)
HPRegen 0.08/turn               (no ring)
MPRegen 0.11/turn               (no ring)

@: paralysed
A: beak, talons 3, cold resistance 1, weak 1, sturdy frame 1
a: no special abilities


You were on level 4 of the Dungeon.
You visited 1 branch of the dungeon, and saw 4 of its levels.

You collected 161 gold pieces.


Innate Abilities, Weirdness & Mutations

You have a beak for a mouth.
You have claws for feet.
Your flesh is cold resistant. (rC+)
You are weak. (Str -2)
Your movements are slightly less encumbered by armour. (ER -2)


   Skills:
 - Level 2.0 Fighting
 + Level 5.2 Axes
 - Level 1.0 Throwing
 - Level 1.1 Armour
 - Level 2.1 Dodging
 - Level 1.0 Shields
 - Level 2.0 Spellcasting
 - Level 2.4 Translocations


You had 7 spell levels left.
You didn't know any spells.
Your spell library contained the following spells:

 Spells                   Type           Power      Damage    Failure   Level
 Blink                    Tloc           14%        N/A       98%         2
 Gell's Gravitas          Tloc           7%         N/A       100%        3
 Lesser Beckoning         Tloc           7%         N/A       100%        3
 Teleport Other           Tloc           7%         N/A       100%        3
 Manifold Assault         Tloc           7%         N/A       100%        5

Inventory:

Hand Weapons
 a - a +0 club
 b - a +0 war axe (weapon)
Missiles
 m - a boomerang (quivered)
Armour
 j - a +0 buckler (worn)
 l - a +0 chain mail (worn)
Scrolls
 i - a scroll of identify
Potions
 c - a potion of haste
 d - a potion of mutation
 e - a potion of curing {unknown}
 f - a potion of resistance {unknown}
 g - a potion of berserk rage {unknown}
 h - a potion of heal wounds

Dungeon Overview and Level Annotations

Branches:
Dungeon (4/15)
 Temple: D:4-7

Altars:
Kikubaaqudgha
Nemelex Xobeh
Sif Muna

Annotations:
D:3 2 runed translucent doors, qw's ghost, amateur TeWr
D:4 Grinder


Message History

Found 6 stones.
4202 ||| SWAPPING to +0 war axe.
b - a +0 war axe (weapon)
4203 ||| DROPPING +0 hand axe.
You drop a +0 hand axe.
g - a bubbling cyan potion
Found a trident.
Found a twisted fluorescent wand.
You see here a wand of flame (9).
Found a stone staircase leading down.
Enter note:
Found a robe.
Found a scroll of summoning.
Grinder comes into view.
4275 ||| Stepping ~*~*~tactically~*~*~ (hiding).
You start waiting.
Grinder is nearby!
Grinder blinks!
Grinder barely misses you.
You barely miss Grinder. Your peck misses Grinder. Grinder closely misses you.
You hit Grinder. You claw Grinder! You peck Grinder.
Grinder is moderately wounded.
Grinder hits you but does no damage.
You slash Grinder! You claw Grinder. You peck Grinder.
Grinder is severely wounded.
Grinder gestures at you. You resist with significant effort.
You barely miss Grinder. Your kick misses Grinder. Your peck misses Grinder.
Grinder is severely wounded.
Grinder barely misses you. Grinder hits you.
You writhe in agony.
You closely miss Grinder.
Grinder is severely wounded.
Grinder blinks!
Grinder gestures at you.
You suddenly lose the ability to move!
Grinder hits you.
You writhe in agony.
Grinder drinks a potion.
Grinder is healed!
Grinder hits you. x2
You writhe in agony.
You die...

.... .... . #..#
#.# #?.# ...##
#..# ...###..# #
#.#.5.$##
#.##...@...#
#........#[#
####.......###.
#...........#
#...#########
..####.........$
.........#######
........##
#####>#.#


You could see Grinder.

Vanquished Creatures
  2 adders (D:2)
  A worm (D:2)
  2 dart slugs
  3 orcs (D:3)
  8 endoplasms
  2 giant cockroaches
  2 goblins
  14 hobgoblins
  4 jackals
  5 quokkas
  6 ball pythons
  6 bats
  7 frilled lizards
  7 kobolds
  8 rats
77 creatures vanquished.

Notes
Turn   | Place    | Note
-------+----------+-------------------------------------------
     0 | D:1      | qw the Tengu Warper began the quest for the Orb.
     0 | D:1      | Reached XP level 1. HP: 12/12 MP: 4/4
     0 | D:1      | 0 ||| qw: Version: 0.1-a-89-g26bdef1
     0 | D:1      | 0 ||| qw: Game counter: 2989
     0 | D:1      | 0 ||| qw: Always use a shield: true
     0 | D:1      | 0 ||| qw: God list: Okawaru
     0 | D:1      | 0 ||| qw: Allow faded altars: false
     0 | D:1      | 0 ||| qw: Do Orc after D:15 true
     0 | D:1      | 0 ||| qw: Do second Lair branch before Depths: true
     0 | D:1      | 0 ||| qw: Lair rune preference: random
     0 | D:1      | 0 ||| qw: Plans: Normal
     0 | D:1      | 0 ||| PLANNING D:1-11
     2 | D:1      | Noticed a draconian
     4 | D:1      | Noticed a human
     4 | D:1      | Noticed a troll
     6 | D:1      | Noticed a spriggan
     6 | D:1      | Noticed a ghoul
     8 | D:1      | Noticed a minotaur
     8 | D:1      | Noticed a felid
    10 | D:1      | Noticed a naga
    10 | D:1      | Noticed a vampire
    12 | D:1      | Noticed a palentonga
    12 | D:1      | Noticed a gargoyle
    14 | D:1      | Noticed an octopode
    14 | D:1      | Noticed a merfolk
    16 | D:1      | Noticed a demonspawn
    16 | D:1      | Noticed a tengu
    18 | D:1      | Noticed an ogre
    18 | D:1      | Noticed a vine stalker
    20 | D:1      | Noticed a meteoran
    22 | D:1      | Noticed an elf
    22 | D:1      | Noticed a demigod
    24 | D:1      | Noticed a palentonga
    26 | D:1      | Noticed an ogre
    95 | D:1      | Found a faded altar of an unknown god.
   212 | D:1      | Reached XP level 2. HP: 17/17 MP: 6/6
   217 | D:1      | Reached skill level 3 in Axes
   541 | D:1      | 541 ||| Stepping ~*~*~tactically~*~*~ (stealth).
  1022 | D:1      | 1022 ||| Stepping ~*~*~tactically~*~*~ (stealth).
  1172 | D:1      | 1172 ||| Stepping ~*~*~tactically~*~*~ (stealth).
  1177 | D:1      | Reached XP level 3. HP: 21/21 MP: 7/7
  1331 | D:1      | 1331 ||| READING 3 scrolls labelled DAROEM PIFFAXTIS.
  1332 | D:1      | 1332 ||| READING scroll labelled ZAGAMY NILU.
  1333 | D:1      | 1333 ||| DROPPING 2 scrolls of immolation.
  1334 | D:1      | 1334 ||| DROPPING scroll of blinking.
  1393 | D:2      | Reached skill level 4 in Axes
  1559 | D:2      | 1559 ||| Stepping ~*~*~tactically~*~*~ (hiding).
  1661 | D:2      | 1661 ||| Stepping ~*~*~tactically~*~*~ (hiding).
  1787 | D:2      | 1787 ||| Stepping ~*~*~tactically~*~*~ (stealth).
  1789 | D:2      | 1789 ||| Stepping ~*~*~tactically~*~*~ (stealth).
  1790 | D:2      | 1790 ||| Stepping ~*~*~tactically~*~*~ (stealth).
  1822 | D:2      | 1822 ||| Stepping ~*~*~tactically~*~*~ (stealth).
  1889 | D:2      | 1889 ||| FLEEEEING.
  1890 | D:2      | 1890 ||| FLEEEEING.
  1891 | D:2      | 1891 ||| FLEEEEING.
  1892 | D:2      | 1892 ||| FLEEEEING.
  1893 | D:2      | 1893 ||| FLEEEEING.
  1894 | D:2      | 1894 ||| FLEEEEING.
  1895 | D:2      | 1895 ||| FLEEEEING.
  1896 | D:2      | 1896 ||| FLEEEEING.
  1897 | D:2      | 1897 ||| FLEEEEING.
  1898 | D:2      | 1898 ||| FLEEEEING.
  1899 | D:2      | 1899 ||| FLEEEEING.
  1900 | D:2      | 1900 ||| FLEEEEING.
  1901 | D:2      | 1901 ||| FLEEEEING.
  1907 | D:2      | 1907 ||| FLEEEEING.
  1908 | D:2      | 1908 ||| FLEEEEING.
  1909 | D:2      | 1909 ||| FLEEEEING.
  1910 | D:2      | 1910 ||| FLEEEEING.
  1911 | D:2      | 1911 ||| FLEEEEING.
  1912 | D:2      | 1912 ||| FLEEEEING.
  1918 | D:2      | 1918 ||| FLEEEEING.
  1924 | D:2      | 1924 ||| FLEEEEING.
  1925 | D:2      | 1925 ||| FLEEEEING.
  1926 | D:2      | 1926 ||| FLEEEEING.
  1927 | D:2      | 1927 ||| FLEEEEING.
  1928 | D:2      | 1928 ||| FLEEEEING.
  1929 | D:2      | 1929 ||| FLEEEEING.
  1930 | D:2      | 1930 ||| FLEEEEING.
  1931 | D:2      | 1931 ||| FLEEEEING.
  1936 | D:2      | 1936 ||| FLEEEEING.
  1937 | D:2      | 1937 ||| Stepping ~*~*~tactically~*~*~ (stealth).
  1944 | D:2      | Reached XP level 4. HP: 24/26 MP: 8/8
  2863 | D:2      | Reached skill level 5 in Axes
  3010 | D:2      | 3010 ||| UPGRADING to +0 buckler.
  3015 | D:2      | 3015 ||| READING scroll labelled RAARCHE KEMO.
  3016 | D:2      | 3016 ||| DRINKING 2 inky potions.
  3016 | D:2      | Gained mutation: Your movements are slightly less
                  | encumbered by armour. (ER -2) [potion of mutation]
  3016 | D:2      | Gained mutation: Your flesh is cold resistant. (rC+)
                  | [potion of mutation]
  3016 | D:2      | Gained mutation: You are weak. (Str -2) [potion of
                  | mutation]
  3246 | D:3      | Found a runed translucent door.
  3249 | D:3      | Noticed qw's ghost (amateur TeWr)
  3402 | D:3      | Reached skill level 1 in Shields
  3453 | D:3      | Found a runed translucent door.
  3463 | D:3      | Found a shimmering blue altar of Sif Muna.
  3465 | D:3      | 3465 ||| Stepping ~*~*~tactically~*~*~ (stealth).
  3465 | D:3      | Found a sparkling altar of Nemelex Xobeh.
  3466 | D:3      | 3466 ||| Stepping ~*~*~tactically~*~*~ (stealth).
  3468 | D:3      | 3468 ||| Stepping ~*~*~tactically~*~*~ (stealth).
  3471 | D:3      | 3471 ||| Stepping ~*~*~tactically~*~*~ (stealth).
  3478 | D:3      | 3478 ||| Stepping ~*~*~tactically~*~*~ (stealth).
  3480 | D:3      | 3480 ||| Stepping ~*~*~tactically~*~*~ (stealth).
  3482 | D:3      | 3482 ||| Stepping ~*~*~tactically~*~*~ (stealth).
  3518 | D:3      | 3518 ||| Stepping ~*~*~tactically~*~*~ (stealth).
  3523 | D:3      | 3523 ||| Stepping ~*~*~tactically~*~*~ (stealth).
  3985 | D:3      | 3985 ||| UPGRADING to +0 chain mail.
  3995 | D:3      | 3995 ||| DROPPING +0 leather armour.
  3996 | D:3      | 3996 ||| READING scroll labelled IWATEI ISEDESM.
  4135 | D:3      | 4135 ||| READING 2 scrolls labelled LAK TOYVUCEFRU.
  4136 | D:3      | 4136 ||| DRINKING 2 sapphire potions.
  4137 | D:3      | 4137 ||| READING 2 scrolls of identify.
  4137 | D:3      | 4137 ||| IDENTIFYING coppery potion
  4138 | D:3      | 4138 ||| DROPPING scroll of amnesia.
  4194 | D:4      | Found an ancient bone altar of Kikubaaqudgha.
  4202 | D:4      | 4202 ||| SWAPPING to +0 war axe.
  4203 | D:4      | 4203 ||| DROPPING +0 hand axe.
  4274 | D:4      | Noticed Grinder
  4275 | D:4      | 4275 ||| Stepping ~*~*~tactically~*~*~ (hiding).
  4284 | D:4      | Paralysed by Grinder for 5 turns
  4288 | D:4      | HP: 3/26 [Grinder (6)]
  4288 | D:4      | Slain by Grinder

Levels and vault maps discovered:
D:1:      kb_arrival_jail, layout_basic, shapermc_ecumenical_altar_starsandcircs
D:2:      minmay_razor_zed, layout_basic, minmay_surrounded
D:3:      layout_loops_ring, chequers_temple_overflow_statue_of_worship,
          ebering_ghost_sewer_f
D:4:      layout_loops_ring, mainiacjoe_overflow_alcove_2,
          mainiacjoe_overflow_paths, minmay_box_of_dots, uniq_duvessa,
          uniq_grinder, uniq_menkaure

Skill      XL: |  1  2  3  4 |
---------------+-------------+-----
Axes           | 3 4 5 |  5.2
Shields        | 1 |  1.0
Fighting       | |  2.0
Throwing       | |  1.0
Armour         | |  1.1
Dodging        | |  2.1
Spellcasting   | |  2.0
Translocations | |  2.4

Action                   |  1- 3 |  4- 6 || total
-------------------------+-------+-------++-------
Melee: Hand axe          |    96 |    88 ||   184
       Peck              |    14 |    18 ||    32
       Kick              |    24 |    23 ||    47
       War axe           |       |     5 ||     5
       Punch             |       |     1 ||     1
Throw: Boomerang         |     7 |     8 ||    15
  Use: Scroll            |     2 |     4 ||     6
       Potion            |       |     2 ||     2
Armor: Leather armour    |    22 |    24 ||    46
       Chain mail        |       |     1 ||     1
Dodge: Dodged            |    47 |    45 ||    92
Block: Buckler           |       |     7 ||     7

Table legend:
 A = Non-vault XP
 B = Vault XP
 C = Vault XP percentage of total XP
 D = Non-vault monster count
 E = Vault monster count
 F = Vault count percentage of total count
                 A         B        C        D         E       F
            +---------+---------+-------+---------+---------+-------
      Total |     129 |      32 |  19.9 |      65 |      12 |  15.6
            +---------+---------+-------+---------+---------+-------
        D:1 |      38 |       0 |   0.0 |      24 |       0 |   0.0
        D:2 |      47 |      32 |  40.5 |      18 |      12 |  40.0
        D:3 |      43 |       0 |   0.0 |      22 |       0 |   0.0
        D:4 |       1 |       0 |   0.0 |       1 |       0 |   0.0
            +---------+---------+-------+---------+---------+-------
